 Dungeon Crawl Stone Soup version 0.18-a0-337-g1235303 (webtiles) character file.

61 Raultor the Ruffian (level 3, -2/28 HPs)
             Began as a Draconian Transmuter on Nov 28, 2015.
             Slain by a gnoll (5 damage)
             ... on level 2 of the Dungeon.
             The game lasted 00:03:05 (1347 turns).

Raultor the Ruffian (Draconian Transmuter)          Turns: 1347, Time: 00:03:05

Health: -2/28      AC:  5    Str: 13    XL:     3   Next: 83%
Magic:  5/6        EV: 12    Int: 13    God:
Gold:   64         SH:  0    Dex: 11    Spells: 1 memorised, 5 levels left

rFire  . . .     SeeInvis .       - Unarmed
rCold  . . .     Clarity  .     (armour unavailable)
rNeg   . . .     SustAt   .     (no shield)
rPois  .         Gourm    .     (helmet restricted)
rElec  .         Spirit   .     (no cloak)
rCorr  .         Warding  .     (no gloves)
rMut   .         Stasis   .     (boots currently unavailable)
MR     .....                    (no amulet)
Stlth  +.........               (no ring)
                                (no ring)

@: appendage (expiring), very slightly contaminated, not resistant to hostile
enchantments, very unstealthy
A: unfitting armour, talons 3, cold-blooded, AC +5
a: End Transformation


You were on level 2 of the Dungeon.
You were near starving.
You had grown temporary talons.
You visited 1 branch of the dungeon, and saw 2 of its levels.

You collected 64 gold pieces.

Inventory:

Missiles
 a - 36 arrows
Scrolls
 f - a scroll of amnesia {unknown}
 g - 2 scrolls of random uselessness {unknown}
 h - a scroll of immolation {unknown}
 k - a scroll of blinking {unknown}
 l - a scroll of magic mapping {unknown}
 n - a scroll of identify {unknown}
Potions
 d - 2 potions of lignification {unknown}
 e - 3 potions of curing {unknown}
 i - a potion of flight {unknown}
 j - 2 potions of beneficial mutation {unknown}
 m - a potion of degeneration {unknown}
Books
 b - a book of Changes

   Spells                             Type                      Level
   a - Beastly Appendage              Transmutation                1
   b - Sticks to Snakes               Transmutation                2
   c - Spider Form                    Transmutation/Poison         3
   d - Ice Form                       Ice/Transmutation            4
   e - Blade Hands                    Transmutation                5
Comestibles
 c - 3 bread rations
 o - 3 fruits


   Skills:
 - Level 1.1 Fighting
 - Level 1.7 Dodging
 + Level 3.9 Unarmed Combat
 - Level 2.0 Spellcasting
 * Level 3.4 Transmutations


You had 5 spell levels left.
You knew the following spells:

 Your Spells              Type           Power        Failure   Level  Hunger
a - Beastly Appendage     Trmt           ##....       10%         1    ##.....


Dungeon Overview and Level Annotations

Branches:
Dungeon (2/15)

Altars:


Innate Abilities, Weirdness & Mutations

Your plain brown scales are hard (AC +5).
Your body does not fit into most forms of armour.
You are cold-blooded and may be slowed by cold attacks.
You have claws for feet.


Message History

You barely miss the gnoll. You claw the gnoll, but do no damage.
The gnoll is severely wounded.
The gnoll hits you with a spear.
You closely miss the gnoll.
The gnoll is severely wounded.
Your transformation is almost over.
The gnoll misses you. The gnoll hits you with a spear!
* * * LOW HITPOINT WARNING * * *
You hit the gnoll but do no damage.
The gnoll is severely wounded.
The gnoll hits you.
* * * LOW HITPOINT WARNING * * *
The gnoll closely misses you.
You hit the gnoll. Your kick misses the gnoll. You tail-slap the gnoll.
You kill the gnoll!
The gnoll closely misses you.
You hit the gnoll. You claw the gnoll, but do no damage.
The gnoll is lightly wounded.
The gnoll hits you.
You die...

#.##.....###.#....
####.#.......##......
#...............#....
#.##.#.......##.##.#.
##.##............#.
#...##...####.#### #
#...###### #.#
#.#...# #.#
####.##@#### #.#
.......g)..#### #.#
###.....##..... ..#
##.##........ ## #.
#.######. # #.# #.#
#.# #)#


You could see a gnoll.

Vanquished Creatures
  2 gnolls (D:2)
  An adder (D:2)
  2 oozes (D:1)
  A giant gecko (D:2)
  A hobgoblin (D:1)
  4 kobolds
  A ball python (D:1)
  A bat (D:1)
  3 giant newts (D:1)
  4 goblins
  9 rats (D:1)
29 creatures vanquished.

Notes
Turn   | Place    | Note
--------------------------------------------------------------
     0 | D:1      | Raultor the Draconian Transmuter began the quest for the Orb.
     0 | D:1      | Reached XP level 1. HP: 16/16 MP: 3/3
   188 | D:1      | Reached XP level 2. HP: 20/23 MP: 5/5
   954 | D:2      | Reached XP level 3. HP: 24/28 MP: 6/6
  1347 | D:2      | Slain by a gnoll

Vault maps used:
D:1:      co_arrival_square_in_a_square_in_a_square, minmay_misc_feat_square,
          st_stairs_11
D:2:      grunt_temple_overflow_opulence, first_bread, grunt_decor_fettered

Action                   || total
-------------------------++-------
Melee: Unarmed           ||   119
 Cast: Beastly Appendage ||     4
